 Dungeon Crawl Stone Soup version 0.32-a0-711-g016ad743e0 (webtiles) character file.

Game seed: 3748974208322405467

10419 hikkokomori the Cleaver (level 11, -9/86 HPs)
             Began as a Coglin Gladiator on Mar 15, 2024.
             Was a High Priest of Okawaru.
             Mangled by an orc warrior
             ... wielding a +0 flail
              (14 damage)
             ... on level 10 of the Dungeon.
             The game lasted 00:17:11 (9763 turns).

hikkokomori the Cleaver (Coglin Gladiator)          Turns: 9763, Time: 00:17:11

Health: -9/86      AC: 10    Str: 21    XL:     11   Next: 61%
Magic:  15/15      EV: 10    Int:  7    God:    Okawaru [*****.]
Gold:   667        SH:  0    Dex: 17    Spells: 8/10 levels left

rFire   + . .        v - +3 hand axe of Success {spect, rElec rF+}
rCold   . . .        P - +9 dagger "Nedwag" {freeze, Str+3}
rNeg    . . .        l - +0 scale mail
rPois   .            m - +0 helmet
rElec   +            z - +1 cloak
rCorr   .            G - +0 pair of gloves
SInv    .            (no boots)
Will    .....        (amulet unavailable) Stlth
                     (ring unavailable)
HPRegen 0.34/turn    (ring unavailable)
MPRegen 0.14/turn    (no gizmo)

%: no passive effects
@: revved
A: off-hand wielding, slow wielding, warmup strikes, no jewellery
a: Invent Gizmo, Renounce Religion, Heroism, Finesse, Duel


You were on level 10 of the Dungeon.
You worshipped Okawaru.
Okawaru was extremely pleased with you.
You visited 1 branch of the dungeon, and saw 10 of its levels.
You also visited: Sewer.

You collected 667 gold pieces.

Inventory:

Hand Weapons
 a - a +0 long sword {Ekveer}
 f - a +0 dagger {Surjit}
 v - the +3 hand axe of Success (weapon) {spect, rElec rF+}
   (You found it on level 3 of the Dungeon)

   rF+:       It protects you from fire.
   rElec:     It insulates you from electricity.
 J - a +1 dagger of draining {Ning}
 N - a +0 morningstar {Nefertari}
 O - a +2 short sword of freezing {Suthep}
 P - the +9 dagger "Nedwag" (offhand) {freeze, Str+3}
   (You found it on level 7 of the Dungeon)

   Str+3:     It affects your strength (+3).
 S - a +2 scimitar of flaming
Missiles
 d - 2 throwing nets (quivered)
 e - a javelin
 K - 7 curare-tipped darts
Armour
 b - a +0 leather armour
 c - a +0 helmet
 k - a +0 chain mail
 l - a +0 scale mail (worn)
 m - a +0 helmet (worn)
 z - a +1 cloak (worn)
 G - a +0 pair of gloves (worn)
 L - a +0 chain mail of fire resistance
Wands
 y - a wand of quicksilver (14)
 D - a wand of digging (7)
 E - a wand of flame (8)
 V - a wand of warping (7)
Scrolls
 g - 2 scrolls of teleportation
 h - 2 scrolls of poison
 j - 2 scrolls of immolation
 u - 3 scrolls of blinking
 w - 4 scrolls of vulnerability
 x - 2 scrolls of fog
 C - 2 scrolls of enchant armour
 F - 2 scrolls of brand weapon
 I - 3 scrolls of revelation
 R - 2 scrolls of amnesia
Potions
 i - 2 potions of curing
 n - a potion of mutation
 o - 2 potions of haste {unknown}
 p - a potion of attraction {unknown}
 q - 2 potions of magic
 r - 3 potions of might
 s - a potion of invisibility {unknown}
 t - 2 potions of heal wounds {unknown}
 A - a potion of cancellation {unknown}
 B - 4 potions of enlightenment
 H - 2 potions of berserk rage {unknown}
 M - 3 potions of lignification
 Q - 3 potions of ambrosia {unknown}
 U - a potion of resistance {unknown}


   Skills:
 - Level 8.0 Fighting
 - Level 6.5(7.0) Short Blades
 - Level 4.0(6.1) Long Blades
 + Level 9.3 Axes
 - Level 2.0 Throwing
 - Level 3.0 Dodging
 + Level 2.6 Translocations
 + Level 6.1 Invocations
 + Level 9.3 Evocations


You had 8 spell levels left.
You knew the following spells:

 Your Spells              Type           Power      Damage    Failure   Level
a - Blink                 Tloc           6%         N/A       56%         2

Your spell library contained the following spells:

 Spells                   Type           Power      Damage    Failure   Level
 Lesser Beckoning         Tloc           6%         N/A       56%         2
 Momentum Strike          Conj/Tloc      2%         3d8       77%         2
 Magic Dart               Conj           0%         1d3       80%         1
 Shock                    Conj/Air       0%         1d3       80%         1
 Ensorcelled Hibernation  Hex/Ice        0%         N/A       90%         2
 Searing Ray              Conj           0%         2d4       90%         2
 Inner Flame              Hex/Fire       0%         N/A       99%         3
 Passwall                 Erth           0%         N/A       99%         3
 Swiftness                Air            0%         N/A       99%         3
 Airstrike                Air            0%         2d(0-16)  100%        4
 Flame Wave               Conj/Fire      0%         2d4       100%        4
 Fulminant Prism          Conj/Alch      0%         3d5       100%        4
 Leda's Liquefaction      Alch/Erth      0%         N/A       100%        4
 Sticky Flame             Fire/Alch      0%         2d4       100%        4
 Lee's Rapid Deconstruct  Erth           0%         3d4*      100%        5
 Permafrost Eruption      Ice/Erth       0%         2x4d2     100%        6


Dungeon Overview and Level Annotations

Branches:
Dungeon (10/15)            Temple (0/1) D:5            Lair (0/5) D:9
  Sewer (visited)
    Orc: D:9-12

Altars:
Gozag
Hepliaklqana
Makhleb
Okawaru
Xom
Yredelemnul

Annotations:
D:5 3 runed translucent doors, BubbleThief's ghost, novice KoBr


Innate Abilities, Weirdness & Mutations

You can wield a second weapon in your off-hand.
It takes a long time for you to wield or remove held weapons.
Your first few attacks do less damage.
You cannot equip rings or amulets.


Message History

You hit something with the +9 dagger "Nedwag".
You freeze something.
You barely miss something with the +3 hand axe of Success.
Your +3 hand axe of Success {spect, rElec rF+} hits something.
Something barely misses you.
Something closely misses your +3 hand axe of Success {spect, rElec rF+}.
You puncture something with the +9 dagger "Nedwag"!
You freeze something.
You slash something with the +3 hand axe of Success!
Your +3 hand axe of Success {spect, rElec rF+} hits something.
Something hits you.
* * * LOW HITPOINT WARNING * * *
The gnoll hits you from afar with a +0 halberd.
* * * LOW HITPOINT WARNING * * *
You hit the orc warrior with the +3 hand axe of Success.
The orc warrior is lightly wounded.
You hit something with the +3 hand axe of Success.
You completely miss the orc warrior with the +9 dagger "Nedwag".
Your +3 hand axe of Success {spect, rElec rF+} hits the orc warrior but does no damage.
Your +3 hand axe of Success {spect, rElec rF+} hits something but does no damage. x2
Your +3 hand axe of Success {spect, rElec rF+} completely misses the orc warrior.
Something hits you but does no damage.
You closely miss something with the +3 hand axe of Success.
You hit the orc warrior but do no damage.
You barely miss something with the +9 dagger "Nedwag".
Your +3 hand axe of Success {spect, rElec rF+} hits something.
Okawaru is honoured by your kill.
Reactivating autopickup.
You feel a bit more experienced.
Your +3 hand axe of Success {spect, rElec rF+} hits the gnoll.
Your +3 hand axe of Success {spect, rElec rF+} closely misses the orc warrior.
Your +3 hand axe of Success {spect, rElec rF+} hits the gnoll.
The gnoll hits you from afar with a +0 halberd!
* * * LOW HITPOINT WARNING * * *
The orc warrior barely misses you.
You swap places.
Your +3 hand axe of Success {spect, rElec rF+} disappears.
You feel like a meek peon again.
The orc warrior hits you with a +0 flail!
You die...

...## ...## ... ....
..... ....##.....
...........
...........###..........
...........<..... ......
)...............##......
........................
#...............g.......
.........####)..@)......
......#†.###.).$)o.o....
.....##..........#......
.............#..##......
.............#...# .....
........................
#.......................
........≈≈≈≈≈≈≈≈........
...##...≈.......≈..##


You could see an orc warrior, a gnoll and an orc.

Vanquished Creatures
  Erica (D:9)
  Pikel (D:4)
  A gargoyle (D:10)
  An unseen horror (D:10)
  Grinder (D:3)
  Sigmund (D:4)
  A wraith (D:10)
  2 wyverns
  18 yaks
  Grum (D:8)
  3 steam dragons
  3 vampire mosquitoes (D:10)
  An acid dragon (D:9)
  5 water moccasins
  2 orc warriors
  3 black bears
  3 ice beasts (D:6)
  2 wolves (D:8)
  2 ogres
  2 centaurs
  3 lemures (D:4)
  A phantom (D:6)
  4 kobold brigands
  3 bullfrogs
  A gnoll sergeant (D:10)
  2 scorpions
  7 wights
  8 killer bees
  5 howler monkeys
  A bombardier beetle (D:6)
  An orc priest (D:8)
  2 hounds
  Crazy Yiuf (D:3)
  A gnoll bouda (D:6)
  2 jellies
  Terence (D:2)
  2 iguanas (D:6)
  Natasha (thrice) (D:4)
  5 orc wizards
  10 gnolls
  8 river rats (Sewer)
  6 adders
  2 white imps (D:7)
  2 dart slugs
  3 ribbon worms
  14 orcs
  7 bats
  3 endoplasms
  20 giant cockroaches
  8 goblins
  5 hobgoblins
  2 jackals (D:2)
  35 kobolds
  5 quokkas
  12 ball pythons
  4 frilled lizards (Sewer)
  22 rats
275 creatures vanquished.

Vanquished Creatures (collateral kills)
  A centaur (D:4)
1 creature vanquished.

Grand Total: 276 creatures vanquished

Notes
Turn   | Place    | Note
-------+----------+-------------------------------------------
     0 | D:1      | hikkokomori the Coglin Gladiator began the quest for the
                  | Orb.
     0 | D:1      | Reached XP level 1. HP: 16/16 MP: 1/1
    85 | D:1      | Reached XP level 2. HP: 17/22 MP: 2/2
   554 | D:1      | Reached XP level 3. HP: 25/28 MP: 3/3
   836 | D:2      | Noticed Terence
   844 | D:2      | Killed Terence
  1139 | D:2      | Reached XP level 4. HP: 34/35 MP: 4/4
  1777 | D:3      | Identified the +3 hand axe of Success {spect, rElec rF+}
  1800 | D:3      | Found a faded altar of an unknown god.
  1870 | D:3      | Found a hazy altar of Hepliaklqana.
  2035 | D:3      | Found a runed translucent door.
  2036 | D:3      | Noticed Crazy Yiuf
  2108 | D:3      | Noticed an ogre
  2115 | D:3      | Killed an ogre
  2116 | D:3      | Reached skill level 1 in Short Blades
  2116 | D:3      | Reached skill level 1 in Axes
  2116 | D:3      | Reached XP level 5. HP: 42/42 MP: 5/5
  2471 | D:3      | Noticed Grinder
  2474 | D:3      | Paralysed by Grinder for 5 turns
  2481 | D:3      | Killed Grinder
  2482 | D:3      | Reached XP level 6. HP: 28/49 MP: 6/6
  2623 | D:3      | Killed Crazy Yiuf
  2700 | D:4      | Noticed Natasha
  2708 | D:4      | Killed Natasha
  2713 | D:4      | Reached XP level 7. HP: 51/55 MP: 7/7
  2749 | D:4      | Found an iron altar of Okawaru.
  2751 | D:4      | Noticed Pikel
  2773 | D:4      | Killed Pikel
  2774 | D:4      | Reached skill level 5 in Fighting
  2774 | D:4      | Reached XP level 8. HP: 42/64 MP: 8/8
  2781 | D:4      | Noticed Sigmund
  2790 | D:4      | Killed Sigmund
  2796 | D:4      | Became a worshipper of Warmaster Okawaru
  2839 | D:4      | Found a glowing drain.
  2900 | Sewer    | Entered a sewer
  3063 | Sewer    | Reached skill level 5 in Axes
  3450 | D:4      | Noticed Natasha
  3457 | D:4      | Killed Natasha
  3527 | D:4      | Learned a level 2 spell: Blink
  3687 | D:4      | Noticed Natasha
  3694 | D:4      | Killed Natasha
  3993 | D:5      | Entered Level 5 of the Dungeon
  4129 | D:5      | Found a staircase to the Ecumenical Temple.
  4142 | D:5      | Reached skill level 5 in Short Blades
  4168 | D:5      | Reached * piety under Okawaru
  4176 | D:5      | Reached skill level 1 in Invocations
  4176 | D:5      | Reached XP level 9. HP: 25/71 MP: 9/9
  4391 | D:5      | Found an opulent altar of Gozag.
  4538 | D:5      | Found a runed translucent gate.
  4538 | D:5      | Found a runed translucent gate.
  4539 | D:5      | Found a runed translucent gate.
  4541 | D:5      | Noticed BubbleThief's ghost (novice KoBr)
  4589 | D:5      | Found a basalt altar of Yredelemnul.
  4970 | D:6      | Reached skill level 1 in Evocations
  5137 | D:6      | Reached ** piety under Okawaru
  5409 | D:6      | HP: 1/72 [orc warrior/+0 halberd (14)]
  6395 | D:7      | Reached XP level 10. HP: 75/78 MP: 12/12
  6578 | D:7      | Reached skill level 5 in Evocations
  6641 | D:7      | Identified the +9 dagger "Nedwag" {freeze, Str+3}
  6680 | D:7      | Reached *** piety under Okawaru
  7707 | D:8      | Noticed Grum
  7719 | D:8      | Killed Grum
  7939 | D:8      | Reached **** piety under Okawaru
  8655 | D:9      | Noticed Erica
  8666 | D:9      | Killed Erica
  8667 | D:9      | Reached skill level 5 in Invocations
  8667 | D:9      | Reached XP level 11. HP: 79/86 MP: 11/14
  8784 | D:9      | Reached ***** piety under Okawaru
  8934 | D:9      | Found a staircase to the Lair.
  9244 | D:9      | Found a burning altar of Makhleb.
  9365 | D:10     | Entered Level 10 of the Dungeon
  9466 | D:10     | Reached skill level 1 in Translocations
  9620 | D:10     | Found a shimmering altar of Xom.
  9763 | D:10     | Mangled by an orc warrior

Illustrated notes

Levels and vault maps discovered:
D:1:      dpeg_arrival_lava_temple_mockup, layout_loops_cross
D:2:      minmay_roachtagon, layout_basic, serial_curves, eino_curves_03,
          eino_curves_04, eino_curves_01, eino_curves_02,
          minmay_misc_feat_square, uniq_terence
D:3:      layout_loops_ring, mainiacjoe_overflow_24_doors,
          hellmonk_ecumenical_altar_heavens_door, eino_curves_04,
          minmay_diced_spiral, uniq_crazy_yiuf_cottage, uniq_grinder
D:4:      layout_loops_ring, mainiacjoe_overflow_small_starburst,
          gup_sewer_entry_pipe, uniq_natasha, uniq_pikel, uniq_sigmund
D:5:      layout_loops_ring, mainiacjoe_overflow_alcove_4,
          mainiacjoe_overflow_surrounded_room, minmay_temple_entry_tees,
          gammafunk_ghost_necromancy, mrwooster_statue_mirror
D:6:      cheibrodos_thug_alley, layout_gridville
D:7:      layout_loops_cross, nicolae_overflow_hidden_temple,
          nicolae_figureground_pulse
D:8:      layout_basic, minmay_circle_x, uniq_grum
D:9:      layout_loops_ring, general_overflow_altar, lair_entry_dummy,
          uniq_erica
D:10:     layout_cave_pools, mainiacjoe_overflow_alcove_1,
          lemuel_mausoleum_altar_kikubaaqudgha, mainiacjoe_overflow_brackets

Skill      XL: |  1  2  3  4  5  6  7  8  9 10 11 |
---------------+----------------------------------+-----
Throwing       | 2 |  2.0
Dodging        | 3 |  3.0
Fighting       | 3 4 5 6 7 8 |  8.0
Long Blades    | 4 |  4.0
Short Blades   | 1 2 3 5 6 |  6.5
Axes           | 1 2 3 4 5 6 8 9 |  9.3
Invocations    | 1 3 5 6 |  6.1
Evocations     | 4 7 9 |  9.3
Translocations | 2 |  2.6

Action                     |  1- 3 |  4- 6 |  7- 9 | 10-12 || total
---------------------------+-------+-------+-------+-------++-------
  Melee: Dagger            |    50 |    57 |   228 |   227 ||   562
         Long sword        |    49 |    33 |       |       ||    82
         Hand axe          |       |    30 |   243 |   214 ||   487
         Short sword       |       |       |       |     5 ||     5
  Throw: Throwing net      |       |     1 |       |       ||     1
 Invoke: Heroism           |       |       |     1 |     3 ||     4
         Finesse           |       |       |       |     1 ||     1
    Use: Potion            |       |     2 |     3 |       ||     5
         Scroll            |       |    11 |     3 |     4 ||    18
   Stab: Sleeping          |     1 |       |       |       ||     1
         Held in net/web   |       |     2 |       |       ||     2
         Distracted        |       |       |     2 |     3 ||     5
 Armour: Leather armour    |    26 |       |       |       ||    26
         Scale mail        |     8 |    41 |   194 |   144 ||   387
  Dodge: Dodged            |    30 |    32 |   126 |    82 ||   270

Table legend: (Time is in decaauts)
 A = Elapsed time spent in this place.
 B = Non-inter-level travel time spent in this place.
 C = Inter-level travel time spent in this place.
 D = Time resting spent in this place.
 E = Time spent auto-exploring this place.
 F = Levels seen in this place.
 G = Mean time per level.
                   A        B        C        D        E       F      G
               +--------+--------+--------+--------+--------+-----+--------+
         Total |   9706 |   9377 |    329 |    103 |   7629 |  11 |  882.4 |
       Dungeon |   9205 |   8876 |    329 |    103 |   7257 |  10 |  920.5 |
         Sewer |    501 |    501 |      0 |      0 |    371 |   1 |  501.0 |
               +--------+--------+--------+--------+--------+-----+--------+

Top non-repeatable levels by time:
     D:7: 1256 daAuts
     D:6: 1226 daAuts
     D:8: 1173 daAuts
     D:2: 987 daAuts
     D:5: 931 daAuts
     D:3: 926 daAuts
     D:4: 832 daAuts
     D:1: 776 daAuts
     D:9: 724 daAuts
   Sewer: 501 daAuts
    D:10: 369 daAuts
